 Dungeon Crawl Stone Soup version 0.23.2-40-g277498a001 (webtiles) character file.

Game seed: 98235199133920895

56 Descartes the Insei (level 3, -1/18 HPs)
             Began as a Vine Stalker Transmuter on Aug 24, 2019.
             Succumbed to a kobold's poison
             ... on level 2 of the Dungeon.
             The game lasted 00:03:02 (2053 turns).

Descartes the Insei (Vine Stalker Transmuter)       Turns: 2053, Time: 00:03:03

Health: -1/18      AC:  5    Str: 12    XL:     3   Next: 95%
Magic:  3/7        EV: 11    Int: 13    God:
Gold:   64         SH:  0    Dex: 15    Spells: 5/6 levels left

rFire    . . .     SeeInvis .   g - +2 whip (drain)
rCold    . . .     Gourm    .   (no shield)
rNeg     . . .     Faith    .   j - +0 ring mail
rPois    .         Spirit   +   (no helmet)
rElec    .         Reflect  .   (no cloak)
rCorr    .         Harm     .   (no gloves)
MR       .....                  (no boots)
Stlth    +.........             (no amulet)
HPRegen  0.06/turn              (no ring)
MPRegen  0.10/turn              (no ring)

@: lethally poisoned (-1 -> -25)
A: fangs 2, magic shield, antimagic bite, no potion heal 3, rot immunity
a: no special abilities


You were on level 2 of the Dungeon.
You were not hungry.

You visited 1 branch of the dungeon, and saw 2 of its levels.

You collected 64 gold pieces.

Inventory:

Hand Weapons
 g - a +2 whip of draining (weapon)
Missiles
 a - 12 arrows
 e - 56 stones (quivered)
Armour
 b - a +0 robe
 j - a +0 ring mail (worn)
 m - a +0 buckler
Scrolls
 c - a scroll of remove curse {unknown}
 i - a scroll of teleportation {unknown}
 l - 2 scrolls of identify {unknown}
 n - a scroll of enchant weapon {unknown}
Potions
 h - a potion of brilliance {unknown}
 k - a potion of agility {unknown}
 o - a potion of berserk rage {unknown}
Comestibles
 d - 3 rations
 f - 2 chunks of flesh


   Skills:
 + Level 1.3 Fighting
 + Level 0.1 Maces & Flails
 + Level 0.7 Armour
 + Level 1.8 Dodging
 + Level 1.1 Stealth
 * Level 0.0 Shields
 * Level 3.6 Unarmed Combat
 + Level 2.4 Spellcasting
 + Level 2.2 Transmutations


You had 5 spell levels left.
You knew the following spells:

 Your Spells              Type           Power        Failure   Level  Hunger
a - Beastly Appendage     Tmut           #.....       22%         1    #......

Your spell library contained the following spells:

 Spells                   Type           Power        Failure   Level  Hunger
 Sticks to Snakes         Tmut           #.......     32%         2    ###....
 Spider Form              Tmut/Pois      #.........   71%         3    ###....
 Ice Form                 Ice/Tmut       #.......     98%         4    #####..
 Blade Hands              Tmut           #.........   99%         5    ######.


Dungeon Overview and Level Annotations

Branches:
Dungeon (2/15)

Altars:


Innate Abilities, Weirdness & Mutations

You have extremely sharp teeth.
When hurt, damage is shared between your health and your magic reserves.
Your bite disrupts and absorbs the magic of your enemies.
Potions cannot restore your health.
You are immune to rotting.


Message History

You feel sick.
The kobold hits you with a +1 short sword of venom.
You are more poisoned.
The rat bites you but does no damage.
You barely miss the kobold. Your bite misses the kobold.
The kobold is moderately wounded.
You feel sick. The kobold misses you. The rat bites you but does no damage.
You hit the kobold.
You kill the kobold!
* * * LOW HITPOINT WARNING * * *
You feel sick. The rat bites you but does no damage.
* * * LOW HITPOINT WARNING * * *
You feel sick. The rat bites you.
* * * LOW HITPOINT WARNING * * *
Found a shiny golden ring.
Things that are here:
a +1 short sword of venom; a kobold corpse
* * * LOW HITPOINT WARNING * * *
You feel sick. The rat barely misses you.
You die...

#####.######...###...#
#.# ###......#. #.#
#......#.. #.#
#......... #.#
#......... ###.##
####...... #....#
...[... #....#
.##...#. #.r@.# ..
....#. #....# .. ).#..
#.....=..... .....
#.....#...# ..#..
#....#..###..... #..
#......## .... #..
#.....## ... #..
#...... . ..##..
#####.###.## ..##.


You could see a rat.

Vanquished Creatures
  A worm (D:2)
  4 dart slugs
  A ball python (D:2)
  2 giant cockroaches (D:1)
  3 goblins
  10 hobgoblins
  2 jackals (D:2)
  6 bats
  2 frilled lizards (D:2)
  8 kobolds
  4 rats (D:1)
43 creatures vanquished.

Notes
Turn   | Place    | Note
-------+----------+-------------------------------------------
     0 | D:1      | Descartes the Vine Stalker Transmuter began the quest for
                  | the Orb.
     0 | D:1      | Reached XP level 1. HP: 9/9 MP: 4/4
    73 | D:1      | Reached skill level 1 in Fighting
   305 | D:1      | Reached XP level 2. HP: 14/14 MP: 6/6
   901 | D:1      | Reached XP level 3. HP: 12/18 MP: 4/7
  1587 | D:1      | Reached skill level 1 in Stealth
  2053 | D:2      | Succumbed to a kobold's poison

Skill      XL: |  1  2  3 |
---------------+----------+-----
Fighting       | 1 |  1.3
Stealth        | 1 |  1.1
Maces & Flails | |  0.1
Armour         | |  0.7
Dodging        | |  1.8
Unarmed Combat | |  3.6
Spellcasting   | |  2.4
Transmutations | |  2.2

Action                   || total
-------------------------++-------
Melee: Unarmed           ||    70
       Bite              ||    27
       Whip              ||    59
 Stab: Sleeping          ||     1
  Eat: Chunk             ||     4
Armor: Robe              ||    21
       Ring mail         ||    17
Dodge: Dodged            ||    75
